 Dungeon Crawl Stone Soup version 0.22-a0-354-g30dfbe6 (webtiles) character file.

22 torrenera the Ruffian (level 2, -2/29 HPs)
             Began as a Troll Monk on Apr 16, 2018.
             Slain by a gnoll
             ... wielding a +0 halberd
              (16 damage)
             ... on level 2 of the Dungeon.
             The game lasted 00:00:42 (556 turns).

torrenera the Ruffian (Troll Monk)                   Turns: 556, Time: 00:00:43

Health: -2/29      AC:  5    Str: 18    XL:     2   Next: 68%
Magic:  1/1        EV: 10    Int:  6    God:
Gold:   10         SH:  0    Dex: 12    Spells: 1/1 levels left

rFire    . . .     SeeInvis .     - Unarmed
rCold    . . .     Gourm    +   (no shield)
rNeg     . . .     Faith    .   a - +0 robe
rPois    .         Spirit   .   (helmet restricted)
rElec    .         Reflect  .   (no cloak)
rCorr    .         Harm     .   (gloves unavailable)
MR       .....                  (boots unavailable)
Stlth    ++........             (no amulet)
HPRegen  0.49/turn              (no ring)
MPRegen  0.07/turn              (no ring)

@: no status effects
A: large, unfitting armour, claws 3, fast metabolism 3, gourmand, regeneration
1, shaggy fur 1, tough skin 2
a: no special abilities


You were on level 2 of the Dungeon.
You were full.

You visited 1 branch of the dungeon, and saw 2 of its levels.

You collected 10 gold pieces.

Inventory:

Armour
 a - a +0 robe (worn)
Jewellery
 d - an uncursed amulet of harm {unknown}
Scrolls
 c - 3 scrolls of fear {unknown}
 f - 3 scrolls of remove curse {unknown}
 g - a scroll of enchant weapon {unknown}
Potions
 e - a potion of berserk rage {unknown}
Comestibles
 b - 3 rations


   Skills:
 - Level 2.4 Fighting
 - Level 2.4 Dodging
 - Level 1.0 Stealth
 + Level 4.0 Unarmed Combat


You had one spell level left.
You didn't know any spells.

Dungeon Overview and Level Annotations

Branches:
Dungeon (1/15)

Altars:


Innate Abilities, Weirdness & Mutations

You are too large for most types of armour.
You have claws for hands.
Your metabolism is lightning-fast.
You like to eat raw meat.
Your natural rate of healing is unusually fast.
You are covered in fur. (AC +1)
You have very tough skin. (AC +2)


Message History

You barely miss the ooze.
The ooze is heavily wounded.
The ooze hits you but does no damage.
The gnoll hits you from afar with a halberd!
You claw the ooze!
You kill the ooze!
Your Unarmed Combat skill increases to level 4!
The gnoll hits you from afar with a halberd!
* * * LOW HITPOINT WARNING * * *
A quokka comes into view.
You see here a scroll labeled ERUALAQ XUDIBU.
c - 3 scrolls labeled ERUALAQ XUDIBU (gained 1)
The goblin closely misses you. The quokka bites you.
The quokka barely misses you. The quokka bites you.
The quokka bites you but does no damage.
The gnoll hits you from afar with a halberd!
Ouch! That really hurt!
You die...

#.##.#.# .. #.##.#.#
#... #.##.#.##....
#.#.รท..#.....
##...#.........
##.##g...#......
.######g#.##.#.##$....
........##g.r.........
.######.#.##@..>......
##.............#
#.#####........ #.#
#..###### #.# ##.# #.#
.? #.# ... ... ..##
.#.


You could see a gnoll, a quokka and a goblin.

Vanquished Creatures
  An adder (D:2)
  An ooze (D:2)
  A leopard gecko (D:1)
  A ball python (D:1)
  A giant cockroach (D:1)
  2 goblins (D:1)
  A kobold (D:1)
8 creatures vanquished.

Notes
Turn   | Place    | Note
-------+----------+-------------------------------------------
     0 | D:1      | torrenera the Troll Monk began the quest for the Orb.
     0 | D:1      | Reached XP level 1. HP: 22/22 MP: 0/0
   439 | D:1      | Reached XP level 2. HP: 29/29 MP: 1/1
   491 | D:1      | You fall through a shaft!
   533 | D:2      | Reached skill level 4 in Unarmed Combat
   556 | D:2      | Slain by a gnoll

Vault maps used:
D:1:      lightli_arrival_statue_moat, skrybe_limestone_x
D:2:      lemuel_doored_altar, first_ration, minmay_misc_feat_encased,
          minmay_cupped

Skill      XL: |  1  2 |
---------------+-------+-----
Unarmed Combat | 4 |  4.0
Fighting       | |  2.4
Dodging        | |  2.4
Stealth        | |  1.0

Action                   || total
-------------------------++-------
Melee: Unarmed           ||    19
 Stab: Sleeping          ||     2
  Eat: Chunk             ||     7
Armor: Robe              ||     6
Dodge: Dodged            ||    12

Table legend:
 A = Spawn XP
 B = Non-spawn XP
 C = Spawn XP percentage of total XP
 D = Spawn monster count
 E = Non-spawn monster count
 F = Spawn count percentage of total count
 G = Total turns spent on level
                    A         B        C        D         E        F      G
               +---------+---------+-------+---------+---------+-------+---------
         Total |       0 |      32 |   0.0 |       0 |       8 |   0.0 |   556
               +---------+---------+-------+---------+---------+-------+---------
           D:1 |       0 |      12 |   0.0 |       0 |       6 |   0.0 |   491
           D:2 |       0 |      20 |   0.0 |       0 |       2 |   0.0 |    65
               +---------+---------+-------+---------+---------+-------+---------
